Cogmind - Beta 10 @@@ ROGUE MODE // 2020.09.16 @ 16:16:33 Player: cavemonk Result: Destroyed by 8R-AWN with 8R-AWN's Boregun Performance ------------- Evolutions (0) 0 Regions Visited (3) 600 Robots Destroyed (28) 140 Value Destroyed (632) 632 Prototype IDs (23) 460 Alien Tech Used (0) 0 Bonus (460) 460 TOTAL SCORE: 2292 Bonus ------- Follower Combat Kills 160 Aligned with FarCom 300 Cogmind --------- Core Integrity 0/250 Matter 296/300 Energy 160/160 System Corruption 0% Temperature Cool (0) Movement Walking (150) Ox1 Location -10/Exiles Parts ------- > --- POWER (1) -------- Light Nuclear Core > --- PROPULSION (2) --- Aluminum Leg Aluminum Leg > --- UTILITY (2) ------ Large Storage Unit Light Armor Plating > --- WEAPON (2) ------- AWS/Gauss > --- INVENTORY (10) --- Ion Engine Aluminum Leg High-capacity Matter Pod (158) EM Pulse Gun Peak State ------------ > --- POWER ------------ Light Nuclear Core > --- PROPULSION ------- Aluminum Leg Aluminum Leg > --- UTILITY ---------- Large Storage Unit Light Armor Plating > --- WEAPON ----------- AWS/Gauss > --- INVENTORY -------- Ion Engine High-capacity Matter Pod EM Pulse Gun EM Pulse Gun Assault Rifle Light Cannon Grenade Launcher Deploy-a-Sentry Deploy-a-Sentry [Rating: 25] Favorites ----------- Power Light Nuclear Core Engine Ion Engine Power Core Light Nuclear Core Propulsion Aluminum Leg Treads Light Treads Leg Aluminum Leg Wheel Compact Wheel Utility Large Storage Unit Device Improved Terrain Scanner Storage Large Storage Unit Protection Light Armor Plating Weapon EM Pulse Gun Energy Gun EM Pulse Gun Ballistic Gun AWS/Gauss Ballistic Cannon Light Cannon Build | -11 -10 -10 -10 ------- Run | Scr Mat Min Exi Slots Evolved . | . . . . Power . | . . . . Propulsion . | . . . . Utility . | . . . . Weapon . | . . . . Parts Attached 46 | 7 34 . 5 Power 4 | 1 3 . . Engine 3 | 1 2 . . Core 1 | . 1 . . Reactor . | . . . . Propulsion 10 | 2 8 . . Treads 3 | . 3 . . Leg 3 | . 3 . . Wheel 4 | 2 2 . . Hover . | . . . . Flight . | . . . . Utility 13 | 2 9 . 2 Device 7 | 1 6 . . Storage 5 | 1 3 . 1 Processor . | . . . . Hackware . | . . . . Protection 1 | . . . 1 Artifact . | . . . . Weapon 19 | 2 14 . 3 Energy Gun 12 | 1 11 . . Energy Cannon . | . . . . Ballistic Gun 5 | 1 2 . 2 Ballistic Cannon 2 | . 1 . 1 Launcher . | . . . . Special Weapon . | . . . . Impact Weapon . | . . . . Slashing Weapon . | . . . . Piercing Weapon . | . . . . Special Melee Weapon . | . . . . Unidentified Prototypes . | . . . . Parts Lost 9 | . 9 . . Power 2 | . 2 . . Propulsion 1 | . 1 . . Utility . | . . . . Weapon 6 | . 6 . . Highest Loss Streak 4 | . 4 . . Average Slot Usage (%) 97 | . 99 100 91 Engine 6 | . 12 . . Core 7 | . 1 14 14 Treads 5 | . 9 . . Leg 17 | . 9 28 28 Wheel 4 | . 9 . . Device 5 | . 9 . . Storage 22 | . 18 28 26 Energy Gun 21 | . 24 28 11 Ballistic Gun 3 | . 2 . 8 Naked Turns . | . . . . Heaviest Build 47 | 12 43 41 47 Greatest Support 40 | 26 40 20 20 Greatest Overweight (x) 2 | . 2 2 2 Average Overweight (x) 1 | . 1 2 1 Largest Inventory Capacity 16 | 6 16 16 16 Average Capacity 12 | 5 11 16 15 Most Carried 16 | 6 16 16 16 Average Carried 12 | 4 10 15 14 Final Capacity 16 | 6 16 16 10 Final Carried 16 | 6 16 16 4 Class Distribution -------------------- 100% | Mutant Dominant Class ---------------- Mutant | -10/Materials Mutant | -10/Mines Mutant | -10/Exiles Resources | -11 -10 -10 -10 ----------- Run | Scr Mat Min Exi Matter Collected 980 | 291 581 58 50 Remotely . | . . . . Salvage Created 818 | 79 644 . 95 Parts 36 | 9 27 . . Haulers Intercepted . | . . . . Recyclers Shooed . | . . . . Parts Field Recycled . | . . . . Retrieved Matter . | . . . . Parts Self-Destructed . | . . . . Prevented . | . . . . Kills | -11 -10 -10 -10 ------- Run | Scr Mat Min Exi Combat Hostiles Destroyed 23 | . 17 . 6 Guns 23 | . 17 . 6 Classes Destroyed 5 | 1 3 . 1 Tunneler 4 | 4 . . . Operator 1 | . 1 . . Swarmer 3 | . 3 . . Grunt 14 | . 14 . . Assembled 6 | . . . 6 Best Kill Streak 6 | 2 4 . 6 Combat Bots Only 6 | . 4 . 6 Max Kills in Single Turn 2 | 1 1 . 2 Gunslinging . | . . . . Exploded . | . . . . Melee . | . . . . Uniques/NPCs Destroyed . | . . . . Combat | -11 -10 -10 -10 -------- Run | Scr Mat Min Exi Damage Taken 1223 | . 990 . 233 Core 257 | . 195 . 62 Absorbed by Shields . | . . . . Core Remaining (%) 100 | 100 . . . Volleys Fired 87 | 12 73 1 1 Largest 2 | 2 2 2 1 Hottest 130 | 70 130 80 35 Shots Fired 186 | 24 135 2 25 Gun 185 | 24 135 2 24 Cannon 1 | . . . 1 Launcher . | . . . . Special . | . . . . Kinetic 59 | 12 22 . 25 Thermal 117 | 12 105 . . Explosive . | . . . . Electromagnetic 10 | . 8 2 . Robot Hit Streak 18 | 9 18 . 14 Robot Miss Streak 3 | 1 3 . 1 Penetration Max . | . . . . Secondary Targets 1 | . 1 . . Max Gunslinging Chain 1 | . 1 . . Autonomous 24 | . . . 24 Shots Hit Robots 132 | 16 95 . 21 Core Hits 44 | 4 32 . 8 Critical Hits . | . . . . Critical Kills . | . . . . Critical Parts Destroyed . | . . . . Melee Attacks . | . . . . Impact . | . . . . Slashing . | . . . . Piercing . | . . . . Sneak Attacks . | . . . . Combat Hostiles . | . . . . Follow-up Attacks . | . . . . Damage Inflicted 2152 | 179 1340 . 633 Guns 2152 | 179 1340 . 633 Cannons . | . . . . Explosions . | . . . . Melee . | . . . . Ramming . | . . . . Kinetic 932 | 80 219 . 633 Thermal 1164 | 99 1065 . . Explosive . | . . . . Electromagnetic 56 | . 56 . . Impact . | . . . . Slashing . | . . . . Piercing . | . . . . Highest Corruption . | . . . . Average Corruption . | . . . . Corruption Purged . | . . . . Overload Shots . | . . . . Overflow Damage . | . . . . Projectiles . | . . . . Explosions . | . . . . Melee . | . . . . Knockbacks . | . . . . Impact . | . . . . Kinetic . | . . . . Secondary . | . . . . Self-Inflicted Damage . | . . . . Shots . | . . . . Rammed . | . . . . Targets Rammed . | . . . . Kicked . | . . . . Crushed . | . . . . Highest Temperature 532 | 36 532 24 . Average Temperature 130 | 14 148 14 . Received Heat Transfer 471 | . 471 . . Effects 5 | . 5 . . Shutdowns 3 | . 3 . . Energy Bleed 2 | . 2 . . Siege Activations . | . . . . Robots Corrupted . | . . . . Combat Hostiles . | . . . . Parts Fried . | . . . . Impact Corruptions . | . . . . Robots Melted . | . . . . Combat Hostiles . | . . . . Parts Melted 12 | 1 11 . . Heat Transferred 3034 | 296 2738 . . Parts Sabotaged . | . . . . Parts Stolen . | . . . . Parts Stripped . | . . . . Power Chain Reactions . | . . . . Missiles Intercepted . | . . . . Alert | -11 -10 -10 -10 ------- Run | Scr Mat Min Exi Peak Influence 238 | 20 238 109 . Initial 13 | . 13 . . Average 61 | 7 70 45 . Maximum Alert Level 1 | . 1 . . Low Security (%) 96 | 100 94 100 . Level 1 3 | . 5 . . Level 2 . | . . . . Level 3 . | . . . . Level 4 . | . . . . Level 5 . | . . . . High Security . | . . . . Max Security . | . . . . Squads Dispatched 5 | . 3 2 . Investigation . | . . . . Extermination . | . . . . Reinforcement 3 | . 3 . . Assault 2 | . . 2 . Garrison . | . . . . Intercept . | . . . . Construction Impeded . | . . . . Haulers Reinforced . | . . . . Stealth | -11 -10 -10 -10 --------- Run | Scr Mat Min Exi Distress Signals 2 | . 2 . . Communications Jammed . | . . . . Distress Signals . | . . . . Times Spotted 39 | . 31 1 7 Peak Tracking Total 9 | . 4 4 9 Tactical Retreats . | . . . . Traps | -11 -10 -10 -10 ------- Run | Scr Mat Min Exi Traps Triggered . | . . . . Indirectly . | . . . . Trap Hack Attempts . | . . . . Triggered . | . . . . Disarmed . | . . . . Reprogrammed . | . . . . Reused . | . . . . Traps Extracted . | . . . . Installed . | . . . . Triggered . | . . . . Machines | -11 -10 -10 -10 ---------- Run | Scr Mat Min Exi Machines Disabled 4 | . 2 1 1 Max in Single Turn 1 | . 1 1 1 Machines Sabotaged . | . . . . Garrisons Compromised . | . . . . Overloaded Fab Kills . | . . . . Fab Network Shutdowns . | . . . . Hacking | -11 -10 -10 -10 --------- Run | Scr Mat Min Exi Machines Accessed 9 | . 4 . 5 Terminals 3 | . 3 . . Fabricators . | . . . . Repair Stations . | . . . . Recycling Units 1 | . 1 . . Scanalyzers . | . . . . Garrison Access . | . . . . Total Hacks 66 | . 16 . 50 Successful 59 | . 9 . 50 Failed 7 | . 7 . . Catastrophic . | . . . . Database Lockouts . | . . . . Manual 13 | . 12 . 1 Terminals 13 | . 13 . . Fabricators . | . . . . Repair Stations . | . . . . Recycling Units 3 | . 3 . . Scanalyzers . | . . . . Garrison Access . | . . . . Terminal Hacks 53 | . 3 . 50 Record 49 | . . . 49 Alert Level 1 | . 1 . . Unreport Threat 1 | . 1 . . Transport Status 1 | . 1 . . EX-Prototype ID Bank 1 | . . . 1 Fabricator Hacks . | . . . . Repair Station Hacks . | . . . . Recycling Unit Hacks 2 | . 2 . . Report Inventory 1 | . 1 . . Retrieve Components 1 | . 1 . . Scanalyzer . | . . . . Garrison Access Hacks . | . . . . Unauthorized Hacks 4 | . 4 . . Terminals 4 | . 4 . . Track 1 | . 1 . . Botnet 3 | . 3 . . Fabricators . | . . . . Repair Stations . | . . . . Recycling Units . | . . . . Scanalyzers . | . . . . Garrison Access . | . . . . Data Cores Recovered . | . . . . Used . | . . . . Hacking Detections 3 | . 3 . . Full Trace Events . | . . . . Feedback Events . | . . . . Feedback Blocked . | . . . . Robot Schematics Acquired . | . . . . Robots Built . | . . . . Matter . | . . . . Time . | . . . . Total Robot Build Rating . | . . . . Part Schematics Acquired . | . . . . Parts Built . | . . . . Matter . | . . . . Time . | . . . . Total Part Build Rating . | . . . . Parts Repaired . | . . . . Time . | . . . . Parts Recycled . | . . . . Recycled Matter . | . . . . Retrieved Matter . | . . . . Retrieved Components 9 | . 9 . . Parts Scanalyzed . | . . . . Part Schematics Acquired . | . . . . Parts Damaged . | . . . . Bothacking | -11 -10 -10 -10 ------------ Run | Scr Mat Min Exi Used RIF Installer . | . . . . Robots Hacked . | . . . . Non-combat . | . . . . Combat . | . . . . Robot Hacks Applied . | . . . . Relay Couplers Released . | . . . . Robots Rewired . | . . . . Allies Hacked . | . . . . Hacks Repelled . | . . . . Allies | -11 -10 -10 -10 -------- Run | Scr Mat Min Exi Total Allies 3 | . . 3 . Largest Group 3 | . . 3 . Highest-Rated Group 73 | . . 73 . Highest-Rated Ally 31 | . . 31 . Total Orders . | . . . . Ally Attacks 30 | . . 23 7 Total Damage 722 | . . 400 322 Kills 7 | . . 6 1 Allies Corrupted . | . . . . Allies Melted . | . . . . Turrets Deployed 3 | . . . 3 Intel | -11 -10 -10 -10 ------- Run | Scr Mat Min Exi Robot Analysis Total . | . . . . Derelict Logs Recovered . | . . . . Drone Launches . | . . . . Drone Recoveries . | . . . . Exploration | -11 -10 -10 -10 ------------- Run | Scr Mat Min Exi Turns Passed 3128 | 146 1607 530 845 Spaces Moved 1531 | 99 688 290 454 Core 1 | 1 . . . Treads 46 | . 46 . . Legs 977 | . 233 290 454 Wheels 507 | 98 409 . . Hover . | . . . . Flight . | . . . . Fastest Speed 50 | 50 80 180 120 Average Speed 151 | 88 132 180 176 Slowest Speed 180 | 90 180 180 180 Overloaded Moves . | . . . . Propulsion Burnouts . | . . . . Robots Hopped . | . . . . Cave-ins Triggered . | . . . . Exploration Rate (%) 51 | 4 68 67 68 Regions Visited 3 Branch Regions 2 Pre-discovered Areas 1 | . . . 1 Known Exits Taken . | . . . . Unknown Exits Taken 3 | 1 1 1 . Scrap Searched 2 | . . 2 . Spaces Dug . | . . . . Terrain Destroyed 8 | . . . 8 Melee . | . . . . Projectile 8 | . . . 8 AOE . | . . . . Terrain Rammed . | . . . . Walls Destroyed . | . . . . Machines Disabled . | . . . . Actions | -11 -10 -10 -10 --------- Run | Scr Mat Min Exi Total 2182 | 131 1253 297 501 Wait 426 | 1 401 5 19 Move 1528 | 98 687 289 454 Hop . | . . . . Pick Up 49 | 10 31 1 7 Fast Attach 21 | 6 11 . 4 Attach 12 | 1 10 . 1 Detach 6 | . 3 . 3 Swap 13 | . 13 . . Drop 40 | 3 24 1 12 Fire 87 | 12 73 1 1 Melee . | . . . . Ram . | . . . . Kick . | . . . . Crush . | . . . . Escape Stasis . | . . . . Rewire . | . . . . Trap . | . . . . Miscellaneous . | . . . . Route ------- -11/Scrapyard -10/Materials (discovered 3 exits: [*Mat] / [*Min x2]) -10/Mines (discovered 2 exits: [*Mat] / *Exi) -10/Exiles History --------- Turn | Location | Event 7 | -11/Scrapyard | Discovered new exit (range 14) 147 | -11/Scrapyard | Entered Materials 300 | -10/Materials | Discovered new exit (range 16) 303 | -10/Materials | Build established: Mutant 413 | -10/Materials | Discovered new exit (range 16) 496 | -10/Materials | Lost 3 parts (1p2w) 1175 | -10/Materials | Discovered new exit (range 15) 1260 | -10/Materials | Core integrity fell below 50% 1319 | -10/Materials | Lost 4 parts (1p1n2w) 1754 | -10/Materials | Entered Mines 1886 | -10/Mines | Discovered new exit (range 5) 1887 | -10/Mines | Met a Derelict testing a Signal Generator 2275 | -10/Mines | Deemed a non-threat by the Exiles lab entrance 2277 | -10/Mines | Discovered new exit (range 5) 2284 | -10/Mines | Entered Exiles 2328 | -10/Exiles | Met 8R-AWN 2358 | -10/Exiles | Met EX-HEX 2409 | -10/Exiles | Met EX-BIN 2572 | -10/Exiles | Aligned with FarCom system 2574 | -10/Exiles | Given EX-Vault access code 2616 | -10/Exiles | Opened EX-Vault 2629 | -10/Exiles | Found AWS/Gauss 2675 | -10/Exiles | Warned to stay clear of 0b10 Research branches 2729 | -10/Exiles | Met EX-DEC 2741 | -10/Exiles | Learned location of Zion (-7) 2834 | -10/Exiles | Visited The Gauntlet 3025 | -10/Exiles | Attacked by the Exiles 3051 | -10/Exiles | Found Deploy-a-Sentry 3053 | -10/Exiles | Found Deploy-a-Sentry 3056 | -10/Exiles | Found Deploy-a-Sentry 3077 | -10/Exiles | DAS Turret deployed 3095 | -10/Exiles | DAS Turret deployed 3099 | -10/Exiles | DAS Turret deployed 3111 | -10/Exiles | Core integrity fell below 20% 3129 | -10/Exiles | Destroyed by 8R-AWN with 8R-AWN's Boregun Last Messages --------------- 03114_ HV Slug penetrates HEX's Workstation. 03114_ HV Slug penetrates Wall. 03120_ Penetrated by HV Slug. 03120_ HV Slug penetrates HEX's Workstation. 03120_ Penetrated by HV Slug. 03120_ HV Slug penetrates HEX's Workstation. 03122_ Penetrated by HV Slug. 03122_ HV Slug penetrates HEX's Workstation. 03125_ Penetrated by HV Slug. 03125_ HV Slug penetrates HEX's Workstation. 03125_ Penetrated by HV Slug. 03125_ HV Slug penetrates HEX's Workstation. 03127_ Slug penetrates 8R-AWN. 03127_ Slug penetrates Earth. 03127_ Penetrated by HV Slug. 03127_ HV Slug penetrates Wall. 03127_ HV Slug penetrates HEX's Workstation. 03127_ HV Slug penetrates Wall. 03128_ Slug penetrates 8R-AWN. 03129_ Penetrated by HV Slug. Map ----- +----------------------------------------------------+ | | | | | | | | | | | | | | | | | | | | | | | | | | | ??????????????#########??????????????????????????? | | ??????????????# ] #??????????????????????????? | | ??????????????# #??????????????????????????? | | ??????????????# #??????????????????????????? | | ??????????????# !X#??????????????????????????? | | ??????????????## !##??????????????????????????? | | ??????????????#X #???????????????????????????? | | ??????????????## [#???????????????????????????? | | ???????????????# [!##??????????????????????????? | | ???????????????# "############???????????????? | | ???????????????# ##""""" ; #???????????????? | | ??????????????## ##t=] #???????????????????? | | ???????????# ; g] !!@ #???????????????????? | | ???????????????# %;% [[ #???????????????????? | | ???????######### #; #???????????????????? | | ???????#""""""## #########???????????????????? | | ???????#"""" ## #???????????????????????????? | | ???????#""X" #???????????????????????????? | | ???????#" #???????????????????????????? | | ???????#" ## %#???????????????????????????? | | ???????#""""""## #?#########?????????????????? | | ???????##"###### %#?#"""""""#?????????????????? | | ??????? "?????# %#?#"""""""#?????????????????? | | ??????"""??????# %#?#"""""""#?????????????????? | | ??????"""?????## %###"" """"#?????????????????? | | ??????????????#" % """"#?????????????????? | | ??????????????#" """#?????????????????? | | ??????????????#" """#?????????????????? | | ??????????????#" """#?????????????????? | | #######???????#" """#?????????????????? | | """#???????#" """##????????????????? | | "" """#???????## """""????????????????? | | "" #????????# """##????????????????? | | "" #????????#" "X" """""????????????????? | | "" "#????????#" """ # ????????????????? | | ""#????????#" """""""""#?????????????????? | | "" ""#???????##" ###########?????????????????? | +----------------------------------------------------+ Best States ------------- Heat Dissipation 45 Energy Generation 14 Energy Capacity 250 Matter Stores 300 Matter Capacity 300 Sight Range 16 Terrain Scan Range 16 Terrain Scan Density 10 Armor Coverage 150 Evasion (%) 44 Recoil Reduction 2 Item Schematics ----------------- None Robot Schematics ------------------ None Fabricated ------------ Nothing Alien Tech Used ----------------- None Achievements -------------- None Challenges ------------ None Game ------ Seed DecoyShadingShredder Manual? 0 Play Time 00:40:18 Cumulative 115.4 hours Start 2020.09.16 @ 15:25:54 End 2020.09.16 @ 16:16:33 Sessions 1 Manual Loads 0 Difficulty Rogue Special Mode None Game No. 71 Rogue 71 Adventurer 0 Explorer 0 Win Type - Total 2 Types 2/0/0/0/0/0/0/0/0 Lore% 33 Gallery% 53 Achievement% 42 Wizard Run 0 Options --------- ASCII 0 Keyboard 0 Movement Mouse Keybinds 0 Fullscreen 2 Font 18/TerminusBold Map View 76x50 Tactical HUD 1 Map Filters NONE Filters NONE Steam 1 RUN: d544af56-6b78-4e8a-933a-17e28515acdd